 Dungeon Crawl Stone Soup version 0.31.0-32-g396128a36d (webtiles) character file.

Game seed: 5882455883655677693

244 LowPressure the Poker (level 6, -2/47 HPs)
             Began as a Merfolk Gladiator on Apr 16, 2024.
             Slain by a lemure (7 damage)
             ... led by Pikel
             ... on level 4 of the Dungeon.
             The game lasted 00:06:59 (2517 turns).

LowPressure the Poker (Merfolk Gladiator)           Turns: 2517, Time: 00:07:00

Health: -2/47      AC:  4    Str: 14    XL:     6   Next: 10%
Magic:  6/6        EV: 14    Int:  8    God:
Gold:   128        SH:  0    Dex: 17    Spells: 5/5 levels left

rFire   . . .        a - +0 trident
rCold   . . .        (no shield)
rNeg    . . .        b - +0 leather armour
rPois   .            l - +0 helmet
rElec   .            (no cloak)
rCorr   .            (no gloves)
SInv    .            (no boots)
Will    +....        (no amulet)
Stlth   ++           (no ring)
HPRegen 0.27/turn    (no ring)
MPRegen 0.10/turn

%: no passive effects
@: enlightened, flying, hasted, very quick
A: (nimble swimmer 2), mertail
a: no special abilities


You were on level 4 of the Dungeon.
You visited 1 branch of the dungeon, and saw 4 of its levels.

You collected 128 gold pieces.

Inventory:

Hand Weapons
 a - a +0 trident (weapon)
Missiles
 d - 3 throwing nets (quivered)
 e - 12 javelins
Armour
 b - a +0 leather armour (worn)
 c - a +0 helmet
 l - a +0 helmet (worn)
Jewellery
 u - a ring of protection from fire
Wands
 p - a wand of paralysis (11)
Scrolls
 g - 2 scrolls of identify {unknown}
 h - 3 scrolls of teleportation {unknown}
 k - a scroll of brand weapon {unknown}
 m - 2 scrolls of fear {unknown}
 n - a scroll of blinking {unknown}
 o - a scroll of revelation {unknown}
 q - a scroll of torment {unknown}
 s - a scroll of silence {unknown}
Potions
 f - a potion of heal wounds {unknown}
 i - a potion of might {unknown}
 r - a potion of haste


   Skills:
 + Level 3.2 Fighting
 + Level 6.4 Polearms
 + Level 2.2 Throwing
 + Level 1.4 Armour
 + Level 5.0 Dodging
 + Level 1.5 Stealth


You had 5 spell levels left.
You didn't know any spells.
Your spell library was empty.

Dungeon Overview and Level Annotations

Branches:
Dungeon (4/15)
 Temple: D:4-7

Altars:

Annotations:
D:1 exclusion: downstairs


Innate Abilities, Weirdness & Mutations

((You are very nimble when in or above water. (Stealth+, EV+, Speed+++)))
Your lower body shifts to a powerful aquatic tail in water.


Message History

You hit the lemure.
The lemure is moderately wounded.
The lemure misses you.
You hit the lemure.
The lemure is moderately wounded.
The lemure hits you.
You hit the lemure.
The lemure is heavily wounded.
The lemure hits you but does no damage.
You puncture the lemure!
The lemure is almost dead.
The lemure hits you.
You hit the lemure but do no damage.
The lemure is severely wounded.
The lemure barely misses you.
You hit the lemure.
The lemure is almost dead.
The lemure hits you but does no damage.
You closely miss the lemure.
The lemure is almost dead.
The lemure hits you!
* * * LOW HITPOINT WARNING * * *
You hit the lemure but do no damage.
The lemure is almost dead.
The lemure barely misses you.
You closely miss the lemure.
The lemure is almost dead.
The lemure hits you but does no damage.
It was a potion of haste.
You feel yourself speed up. The lemure hits you.
* * * LOW HITPOINT WARNING * * *
Okay, then.
You hit the lemure but do no damage.
The lemure is almost dead.
The lemure hits you.
* * * LOW HITPOINT WARNING * * *
It was a potion of magic.
Magic courses through your body.
It was a potion of enlightenment.
You feel very buoyant.
You fly up into the air.
The lemure hits you!
You die...

..###....).....#
#.........$...##
...............#
....>..........#
.....^.........#
5...........o..#
.......>.......#
.............<######
.!....#.<..<.J5@...#
#.....############......
#..... #.... #..... ...
### .


You could see a lemure and a jelly.

Vanquished Creatures
  A bombardier beetle (D:3)
  8 gnolls
  6 adders
  2 dart slugs
  4 ribbon worms
  2 orcs
  6 bats
  5 endoplasms
  A giant cockroach (D:2)
  3 goblins
  12 hobgoblins
  A jackal (D:2)
  A kobold (D:1)
  2 quokkas
  7 ball pythons
  6 frilled lizards
  4 rats
71 creatures vanquished.

Notes
Turn   | Place    | Note
-------+----------+-------------------------------------------
     0 | D:1      | LowPressure the Merfolk Gladiator began the quest for the
                  | Orb.
     0 | D:1      | Reached XP level 1. HP: 16/16 MP: 1/1
   162 | D:1      | Reached XP level 2. HP: 13/23 MP: 2/2
   414 | D:1      | Reached XP level 3. HP: 28/28 MP: 3/3
   819 | D:2      | Reached skill level 5 in Polearms
   822 | D:2      | Reached XP level 4. HP: 25/34 MP: 4/4
  1083 | D:1      | Reached skill level 1 in Armour
  1100 | D:2      | Reached XP level 5. HP: 41/41 MP: 5/5
  1462 | D:2      | Identified the staff of Success {rPois rCorr Alchemy}
  1705 | D:3      | Reached skill level 6 in Polearms
  1705 | D:3      | Reached skill level 1 in Stealth
  2347 | D:3      | Reached XP level 6. HP: 46/47 MP: 6/6
  2437 | D:4      | Reached skill level 5 in Dodging
  2517 | D:4      | Slain by a lemure

Illustrated notes

Levels and vault maps discovered:
D:1:      amcnicky_arrival_underground_garden, layout_basic
D:2:      layout_rooms, minmay_hexomino_r4
D:3:      layout_loops_ring, grunt_ministairs_14, kennysheep_generic_room_10
D:4:      layout_rooms, minmay_overflow_temple_star_hex, serial_shops,
          nicolae_shop_mannequins, uniq_edmund, uniq_pikel

Skill      XL: |  1  2  3  4  5  6 |
---------------+-------------------+-----
Polearms       | 5 6 |  6.4
Fighting       | 3 |  3.2
Armour         | 1 |  1.4
Stealth        | 1 |  1.5
Dodging        | 5 |  5.0
Throwing       | |  2.2

Action                     |  1- 3 |  4- 6 || total
---------------------------+-------+-------++-------
  Melee: Trident           |   102 |   191 ||   293
         Punch             |     1 |     3 ||     4
    Use: Potion            |       |     3 ||     3
   Stab: Sleeping          |     1 |     5 ||     6
         Distracted        |       |     1 ||     1
 Armour: Leather armour    |    52 |    87 ||   139
  Dodge: Dodged            |    53 |   114 ||   167
